 Dungeon Crawl Stone Soup version 0.31-a0-175-g9f7f995f2b (webtiles) character file.

Game seed: 6381282244220624941

559 qw the Shooter (level 7, -7/43 HPs)
             Began as a Gargoyle Hunter on June 17, 2023.
             Mangled by a yak (12 damage)
             ... on level 5 of the Dungeon.
             The game lasted 00:01:16 (3403 turns).

qw the Shooter (Gargoyle Hunter)                    Turns: 3403, Time: 00:01:16

Health: -7/43      AC: 10    Str: 24    XL:     7   Next: 31%
Magic:  2/2        EV: 11    Int:  9    God:
Gold:   243        SH:  5    Dex: 15    Spells: 6/6 levels left

rFire   . . .        b - +7 sling of the Distant Future {antimagic, Str+3}
rCold   . . .        (no shield)
rNeg    + . .        e - +0 ring mail
rPois   inf          (no helmet)
rElec   +            (no cloak)
rCorr   .            (no gloves)
SInv    .            (no boots)
Will    .....        g - amulet of reflection
Stlth   +            a - +6 ring of strength
HPRegen 0.27/turn    (no ring)
MPRegen 0.08/turn

%: reflection
@: about to teleport
A: sickness immunity, AC +4, negative energy resistance 1, electricity
resistance, torment resistance 1, petrification resistance
a: no special abilities


You were on level 5 of the Dungeon.
You visited 1 branch of the dungeon, and saw 5 of its levels.

You collected 243 gold pieces.


Innate Abilities, Weirdness & Mutations

You are immune to sickness and miasma.
Your stone body is resilient. (AC +4)
You are immune to poison.
You resist negative energy. (rN+)
You are resistant to electric shocks. (rElec)
You are resistant to unholy torment.
You are immune to petrification.


   Skills:
 - Level 4.0 Fighting
 + Level 7.8 Ranged Weapons
 - Level 1.4 Armour
 - Level 1.5 Dodging
 - Level 1.1 Stealth


You had 6 spell levels left.
You didn't know any spells.
Your spell library was empty.

Inventory:

Hand Weapons
 b - the +7 sling of the Distant Future (weapon) {antimagic, Str+3}
   (You found it on level 2 of the Dungeon)

   Str:       It affects your strength (+3).
 k - a +0 shortbow
Armour
 e - a +0 ring mail (worn)
Jewellery
 a - a +6 ring of strength (left hand)
 g - an amulet of reflection (around neck)
Scrolls
 i - a scroll of identify
Potions
 d - a potion of ambrosia {unknown}
 h - a potion of attraction {unknown}
 j - 3 potions of curing

Dungeon Overview and Level Annotations

Branches:
Dungeon (5/15)
 Temple: D:4-7

Altars:
Uskayaw

Annotations:
D:4 Edmund


Message History

You shoot a sling bullet. The sling bullet hits the yak.
The yak is severely wounded.
A yak comes into view.
The yak gores you!
You shoot a sling bullet. The yak bellows!
The sling bullet hits the yak but does no damage.
The yak is severely wounded.
The phantom hits you but does no damage.
A yak comes into view.
The yak gores you!
You shoot a sling bullet. The sling bullet barely misses the yak.
The sling bullet closely misses the yak.
The sling bullet barely misses the yak.
The yak bellows!
The sling bullet hits the yak!
The yak is lightly wounded.
The phantom hits you but does no damage.
You block the yak's attack.
You shoot a sling bullet.
The sling bullet closely misses the yak.
The sling bullet hits the yak.
The yak is lightly wounded.
The phantom hits you but does no damage.
The yak gores you! The yak barely misses you. You block the phantom's attack.
The yak gores you.
You shoot a sling bullet. The sling bullet hits the yak.
The yak is moderately wounded.
The phantom hits you but does no damage.
The yak gores you. The yak barely misses you.
An ice beast comes into view.
3402 ||| READING scroll of teleportation.
As you read the scroll of teleportation, it crumbles to dust.
You feel strangely unstable. You block the yak's attack.
The yak closely misses you.
The phantom hits you but does no damage.
You shoot a sling bullet.
The sling bullet closely misses the yak.
The yak gores you. The yak gores you!
You die...

############# ####
......#.....# .....
............###......
..)..........@WJ.....
............YYYY.....
.........#......Y.Y..
.........#...........
........##......#....
##......#.......#....
#......#........(...
#............P._. ..
#####......#.....


You could see 5 yaks, an ice beast, a phantom and a jelly.

Vanquished Creatures
  An ice beast (D:5)
  A scorpion (D:5)
  3 hounds
  A gnoll bouda (D:4)
  An orc priest (D:3)
  An iguana (D:4)
  3 orc wizards
  5 adders
  7 gnolls
  6 orcs
  2 endoplasms
  4 giant cockroaches
  3 goblins
  5 hobgoblins
  8 kobolds
  3 quokkas
  9 ball pythons
  5 bats
  3 frilled lizards
  3 rats
74 creatures vanquished.

Notes
Turn   | Place    | Note
-------+----------+-------------------------------------------
     0 | D:1      | qw the Gargoyle Hunter began the quest for the Orb.
     0 | D:1      | Reached XP level 1. HP: 12/12 MP: 1/1
     0 | D:1      | 0 ||| qw: Version: 0.3-a-3-g30531e4
     0 | D:1      | 0 ||| qw: Game counter: 402
     0 | D:1      | 0 ||| qw: Always use a shield: true
     0 | D:1      | 0 ||| qw: God list: Okawaru
     0 | D:1      | 0 ||| qw: Allow faded altars: false
     0 | D:1      | 0 ||| qw: Do Orc after D:15 true
     0 | D:1      | 0 ||| qw: Do second Lair branch before Depths: true
     0 | D:1      | 0 ||| qw: Lair rune preference: random
     0 | D:1      | 0 ||| qw: Plans: Normal, Zot:1-4, Slime:5, God:TSO, Crypt,
                  | Tomb, Abyss, Pan, Hells, Win
     0 | D:1      | 0 ||| PLANNING D:1-11
   108 | D:1      | Reached XP level 2. HP: 17/17 MP: 2/2
   515 | D:1      | 515 ||| UPGRADING to +0 ring mail.
   525 | D:1      | 525 ||| DROPPING +0 leather armour.
   526 | D:1      | 526 ||| READING scroll labelled ESONKI ANAY.
   527 | D:1      | 527 ||| READING scroll labelled CEGODGH JICWI.
   532 | D:1      | 532 ||| READING scroll labelled FEOLYVU KIUNEPS.
   533 | D:1      | 533 ||| READING scroll labelled ZUCUAS SECWUM.
   534 | D:1      | 534 ||| READING scroll labelled JIATOCLACAG.
   535 | D:1      | 535 ||| READING scroll labelled OTULAZ GYR.
   536 | D:1      | 536 ||| DRINKING 2 black potions.
   537 | D:1      | 537 ||| DROPPING scroll of butterflies.
   621 | D:2      | Reached XP level 3. HP: 8/21 MP: 3/3
   740 | D:2      | Reached skill level 1 in Armour
   756 | D:2      | Identified the +7 sling of the Distant Future {antimagic,
                  | Str+3}
   758 | D:2      | 758 ||| SWAPPING to +7 sling of the Distant Future
                  | {antimagic, Str+3}.
   793 | D:2      | Reached skill level 5 in Ranged Weapons
  1324 | D:2      | 1324 ||| UPGRADING to +6 ring of strength.
  1433 | D:3      | Reached XP level 4. HP: 27/27 MP: 1/4
  1569 | D:3      | Reached skill level 3 in Fighting
  1691 | D:3      | 1691 ||| UPGRADING to amulet of reflection.
  1696 | D:3      | 1696 ||| DROPPING amulet of regeneration.
  1760 | D:3      | 1760 ||| Stepping ~*~*~tactically~*~*~ (outnumbered).
  1762 | D:3      | 1762 ||| Stepping ~*~*~tactically~*~*~ (outnumbered).
  1764 | D:3      | 1764 ||| FLEEEEING.
  1766 | D:3      | 1766 ||| FLEEEEING.
  1774 | D:3      | Reached XP level 5. HP: 13/32 MP: 1/5
  1779 | D:3      | HP: 8/32 [orc priest/nerve-wracking pain (5)]
  1780 | D:3      | 1780 ||| READING 2 scrolls of teleportation.
  1994 | D:3      | Reached skill level 6 in Ranged Weapons
  2222 | D:3      | 2222 ||| READING scroll labelled YDWEODE RIRUT.
  2348 | D:4      | Reached XP level 6. HP: 38/38 MP: 2/6
  2862 | D:4      | 2862 ||| READING scroll labelled WEOLIAG GOSU.
  2863 | D:4      | 2863 ||| READING scroll labelled JEMPOO RUFREG.
  2864 | D:4      | 2864 ||| DRINKING 2 fuming clear potions.
  2865 | D:4      | 2865 ||| READING 2 scrolls of identify.
  2865 | D:4      | 2865 ||| IDENTIFYING fizzy silvery potion
  2866 | D:4      | 2866 ||| DROPPING potion of brilliance.
  2867 | D:4      | 2867 ||| DROPPING potion of degeneration.
  2877 | D:5      | Entered Level 5 of the Dungeon
  2883 | D:5      | 2883 ||| STAIRDANCE
  2915 | D:5      | 2915 ||| STAIRDANCE
  2976 | D:5      | 2976 ||| STAIRDANCE
  3021 | D:5      | 3021 ||| STAIRDANCE
  3094 | D:5      | 3094 ||| STAIRDANCE
  3110 | D:5      | 3110 ||| STAIRDANCE
  3110 | D:5      | Noticed Edmund
  3167 | D:5      | 3167 ||| STAIRDANCE
  3173 | D:4      | HP: 9/38 [Edmund/+1 dire flail of protection (6)]
  3174 | D:4      | 3174 ||| READING 2 scrolls of teleportation.
  3296 | D:5      | Noticed an ice beast
  3303 | D:5      | Killed an ice beast
  3304 | D:5      | Reached skill level 7 in Ranged Weapons
  3310 | D:5      | 3310 ||| STAIRDANCE
  3313 | D:4      | Reached XP level 7. HP: 37/43 MP: 2/7
  3374 | D:5      | Found a hide-covered altar of Uskayaw.
  3391 | D:5      | Noticed a yak
  3391 | D:5      | Noticed a yak
  3394 | D:5      | Noticed a yak
  3397 | D:5      | Noticed a yak
  3398 | D:5      | Noticed a yak
  3401 | D:5      | HP: 8/43 [yak (4)]
  3402 | D:5      | 3402 ||| READING scroll of teleportation.
  3403 | D:5      | Mangled by a yak

Levels and vault maps discovered:
D:1:      evilmike_arrival_hilbert_curve, layout_rooms, serial_glass,
          glass_columns_b, glass_columns_b, chequers_serial_rivers_room_a,
          hangedman_decor_push, minmay_tromino_v2
D:2:      layout_loops_ring, minmay_fountain_box
D:3:      cheibrodos_pilgrimage, layout_basic
D:4:      layout_basic, minmay_pentomino_pile
D:5:      layout_basic, mainiacjoe_overflow_tiny_flanked, serial_shops,
          nicolae_shop_mannequins, ebering_ghost_gozag, minmay_fire_ice_demons,
          uniq_ijyb, uniq_edmund, uniq_eustachio

Skill      XL: |  1  2  3  4  5  6 |
---------------+-------------------+-----
Armour         | 1 |  1.4
Ranged Weapons | 5 6 7 |  7.8
Fighting       | 3 4 |  4.0
Dodging        | |  1.5
Stealth        | |  1.1

Action                     |  1- 3 |  4- 6 |  7- 9 || total
---------------------------+-------+-------+-------++-------
   Fire: Shortbow          |    85 |       |       ||    85
         Sling             |    17 |   111 |    25 ||   153
    Use: Scroll            |     6 |     6 |     1 ||    13
         Potion            |     1 |     1 |       ||     2
 Armour: Leather armour    |    13 |       |       ||    13
         Ring mail         |    37 |    30 |     7 ||    74
  Dodge: Dodged            |    32 |    42 |     4 ||    78
  Block: Other             |       |    23 |     5 ||    28
         Reflection        |       |     5 |       ||     5

Table legend:
 A = Non-vault XP
 B = Vault XP
 C = Vault XP percentage of total XP
 D = Non-vault monster count
 E = Vault monster count
 F = Vault count percentage of total count
                 A         B        C        D         E       F
            +---------+---------+-------+---------+---------+-------
      Total |     708 |      91 |  11.4 |      66 |       8 |  10.8
            +---------+---------+-------+---------+---------+-------
        D:1 |      28 |       2 |   6.7 |      18 |       1 |   5.3
        D:2 |      47 |       0 |   0.0 |      15 |       0 |   0.0
        D:3 |      66 |      87 |  56.9 |      10 |       6 |  37.5
        D:4 |     235 |       2 |   0.8 |      15 |       1 |   6.2
        D:5 |     332 |       0 |   0.0 |       8 |       0 |   0.0
            +---------+---------+-------+---------+---------+-------
